 Dungeon Crawl Stone Soup version 0.22-a0-475-g101988f953 (webtiles) character file.

243584 mrdizzer the Demonic Cataclysm (level 18, -6/139 HPs)
             Began as a Demonspawn Gladiator on June 14, 2018.
             Was a High Priest of Qazlal.
             Killed from afar by a deep elf mage (14 damage)
             ... with a bolt of lightning
             ... on level 2 of the Elven Halls.
             The game lasted 02:10:41 (33235 turns).

mrdizzer the Demonic Cataclysm (DsGl)              Turns: 33235, Time: 02:10:41

Health: -6/139     AC: 31    Str: 25    XL:     18   Next: 71%
Magic:  0/31       EV: 12    Int: 13    God:    Qazlal [*****.]
Gold:   2505       SH: 21    Dex: 19    Spells: 17/17 levels left

rFire    + + .     SeeInvis +   H - +10 long sword "Docatre" {elec, rPois Str+3 Dex+2}
rCold    x . .     Gourm    .   G - +0 shield {reflect}
rNeg     . . .     Faith    .   e - +3 crystal plate armour
rPois    +         Spirit   +   F - -2 helmet of Sovereignty {rF+ rC- Regen+ SInv} (curse)
rElec    .         Reflect  +   A - scarf {repulsion}
rCorr    .         Harm     .   C - +0 pair of gloves
MR       ++...     Rnd*Tele +   (boots unavailable)
Stlth    ..........             l - amulet of guardian spirit
HPRegen  0.00/turn              E - ring of Loub {Str+3 Int+3 Dex-2 Slay+6}
MPRegen  0.22/turn              g - ring of protection from magic

@: agile, protected from physical damage, studying Axes, drained, repel missiles
A: talons 3, icy blue scales 2, fire resistance 1, powered by death 3, powered
by pain 2, inhibited regeneration, teleportitis 2, weak 2, wild magic 1, flame
cloud immunity, MP-powered wands
}: 2/15 runes: decaying, serpentine
a: Upheaval, Elemental Force, Disaster Area, Renounce Religion


You were on level 2 of the Elven Halls.
You worshipped Qazlal.
Qazlal was extremely pleased with you.
You were very hungry.

You visited 8 branches of the dungeon, and saw 34 of its levels.

You collected 4866 gold pieces.
You spent 2361 gold pieces at shops.

Inventory:

Hand Weapons
 H - the +10 long sword "Docatre" (weapon) {elec, rPois Str+3 Dex+2}
   (You found it on level 6 of the Lair of Beasts)

   Occasionally, upon striking a foe, it will discharge some electrical energy
   and cause terrible harm.
   It affects your strength (+3).
   It affects your dexterity (+2).
   It protects you from poison.
 S - a +3 demon trident of flaming
Missiles
 d - 5 throwing nets (quivered)
Armour
 c - a +0 helmet
 e - a +3 crystal plate armour (worn)
 A - a scarf of repulsion (worn)
 C - a +0 pair of gloves (worn)
 F - the cursed -2 helmet of Sovereignty (worn) {rF+ rC- Regen+ SInv}
   (You bought it in a shop on level 2 of the Orcish Mines)

   It protects you from fire.
   It makes you vulnerable to cold.
   It lets you see invisible.
   It increases your rate of regeneration.
   It has a curse placed upon it.
 G - a +0 shield of reflection (worn)
Jewellery
 g - a ring of protection from magic (right hand)
 h - an uncursed ring of protection from fire
 k - a +2 ring of strength
 l - an amulet of guardian spirit (around neck)
 E - the ring of Loub (left hand) {Str+3 Int+3 Dex-2 Slay+6}
   (You found it on level 8 of the Dungeon)

   [ring of strength]

   It affects your strength (+3).
   It affects your intelligence (+3).
   It affects your dexterity (-2).
   It affects your accuracy and damage with ranged weapons and melee attacks
   (+6).
 I - an uncursed ring of stealth
 O - a +2 ring of evasion
 X - an uncursed ring of see invisible
Wands
 b - a wand of digging (31)
 r - a wand of polymorph (44)
 u - a wand of flame (33)
 x - a wand of paralysis (34)
 z - a wand of enslavement (8)
 Q - a wand of clouds (4)
 U - a wand of iceblast (11)
Scrolls
 i - 13 scrolls of remove curse
 j - 3 scrolls of teleportation
 n - 6 scrolls of fear
 o - a scroll of brand weapon
 p - a scroll of blinking
 w - 3 scrolls of fog
 B - a scroll of summoning
 N - 8 scrolls of amnesia
 T - 11 scrolls of identify
 W - a scroll of silence
Potions
 a - 3 potions of lignification
 m - 3 potions of agility
 q - 10 potions of curing
 s - a potion of berserk rage
 t - 2 potions of magic
 v - 5 potions of brilliance
 D - 4 potions of haste
 K - a potion of flight
 L - 3 potions of cancellation
 M - 3 potions of might
Books
 P - a manual of Axes
Miscellaneous
 y - a fan of gales
Comestibles
 f - 41 rations


   Skills:
 + Level 11.6(11.2) Fighting
 * Level 13.4(12.9) Long Blades
 - Level 3.7(9.4) Axes
 - Level 13.6(13.3) Polearms
 + Level 1.9(1.6) Throwing
 + Level 11.5(11.1) Armour
 + Level 4.6(4.2) Dodging
 - Level 0.6(0.2) Stealth
 + Level 14.5(14.0) Shields
 * Level 18.1(17.6) Invocations
 + Level 0.1(0.0) Evocations


You had 17 spell levels left.
You didn't know any spells.
Your spell library contained the following spells:

 Spells                   Type           Power        Failure   Level  Hunger
 Magic Dart               Conj           #...         100%        1    ##.....
 Apportation              Tloc           #.....       100%        1    ##.....
 Conjure Flame            Conj/Fire      #.......     100%        3    ####...
 Slow                     Hex            #.......     100%        2    ###....
 Confuse                  Hex            #.......     100%        3    ####...
 Invisibility             Hex            #.......     100%        6    #######
 Throw Frost              Conj/Ice       #.....       100%        2    ###....
 Mephitic Cloud           Conj/Pois/Air  #.......     100%        3    ####...
 Venom Bolt               Conj/Pois      #.........   100%        5    ######.
 Olgreb's Toxic Radiance  Pois           #.......     100%        4    #####..
 Summon Small Mammal      Summ           #...         100%        1    ##.....
 Blink                    Tloc           N/A          100%        2    ###....
 Animate Dead             Necr           N/A          100%        4    #####..
 Animate Skeleton         Necr           N/A          100%        1    ##.....
 Freeze                   Ice            #...         100%        1    ##.....
 Summon Ice Beast         Ice/Summ       #.......     100%        4    #####..
 Ozocubu's Armour         Chrm/Ice       #.......     100%        3    ####...
 Call Imp                 Summ           #.......     100%        2    ###....
 Regeneration             Chrm/Necr      #.........   100%        3    ####...
 Sting                    Conj/Pois      #...         100%        1    ##.....
 Tukima's Dance           Hex            #.......     100%        3    ####...
 Corpse Rot               Necr           N/A          100%        2    ###....
 Stone Arrow              Conj/Erth      #.....       100%        3    ####...
 Recall                   Summ/Tloc      N/A          100%        3    ####...
 Spider Form              Tmut/Pois      #.........   100%        3    ####...
 Blade Hands              Tmut           #.........   100%        5    ######.
 Statue Form              Tmut/Erth      #........    100%        6    #######
 Ice Form                 Ice/Tmut       #.......     100%        4    #####..
 Dragon Form              Tmut           #.........   100%        7    #######
 Death Channel            Necr           #.........   100%        6    #######
 Throw Icicle             Conj/Ice       #.......     100%        4    #####..
 Confusing Touch          Hex            #.....       100%        1    ##.....
 Passwall                 Tmut/Erth      #.......     100%        2    ###....
 Sticks to Snakes         Tmut           #.......     100%        2    ###....
 Ensorcelled Hibernation  Hex/Ice        #.....       100%        2    ###....
 Metabolic Englaciation   Hex/Ice        #.........   100%        5    ######.
 Summon Butterflies       Summ           #.......     100%        1    ##.....
 Corona                   Hex            #......      100%        1    ##.....
 Alistair's Intoxication  Tmut/Pois      #.......     100%        5    ######.
 Lee's Rapid Deconstruct  Erth           #.........   100%        5    ######.
 Sandblast                Erth           #.....       100%        1    ##.....
 Simulacrum               Ice/Necr       #.........   100%        6    #######
 Petrify                  Tmut/Erth      #.......     100%        4    #####..
 Leda's Liquefaction      Hex/Erth       #.........   100%        4    #####..
 Summon Hydra             Summ           #.........   100%        7    #######
 Shroud of Golubria       Chrm/Tloc      #.........   100%        2    ###....
 Beastly Appendage        Tmut           #.....       100%        1    ##.....
 Dazzling Spray           Conj/Hex       #.....       100%        3    ####...
 Infusion                 Chrm           #...         100%        1    ##.....
 Song of Slaying          Chrm           #.......     100%        2    ###....
 Spectral Weapon          Hex/Chrm       #.......     100%        3    ####...
 Summon Forest            Summ/Tloc      #.........   100%        5    ######.
 Hydra Form               Tmut           #.........   100%        6    #######
 Irradiate                Conj/Tmut      #.........   100%        5    ######.
 Gell's Gravitas          Tloc           #.........   100%        3    ####...
 Yara's Violent Unravell  Hex/Tmut       #.........   100%        5    ######.
 Lesser Beckoning         Tloc           #.........   100%        3    ####...
 Poisonous Vapours        Pois/Air       #.....       100%        2    ###....
 Borgnjor's Vile Clutch   Necr/Erth      #.........   100%        5    ######.


Dungeon Overview and Level Annotations

Branches:
Dungeon (13/15)            Temple (1/1) D:4            Lair (6/6) D:10
  Swamp (4/4) Lair:4        Snake (4/4) Lair:4        Slime (2/5) Lair:6
    Orc (2/2) D:12            Elf (2/3) Orc:2
 Vaults: D:13-14

Altars:
Ashenzari
Cheibriados
Dithmenos
Elyvilon
Fedhas
Gozag
Hepliaklqana
Kikubaaqudgha
Makhleb
Nemelex Xobeh
Okawaru
Qazlal
Ru
Sif Muna
Trog
Uskayaw
Vehumet
Wu Jian
Xom
Yredelemnul
Zin
The Shining One
Beogh

Shops:
D:4 *   D:10 (*}[   Orc:2 =([(   Elf:1 (   Elf:2 =   Snake:1 ?   Snake:2 *
Snake:3 *

Annotations:
Lair:2 exclusion: ice statue
Elf:2 3 runed doors


Innate Abilities, Weirdness & Mutations

You have claws for feet.
You are mostly covered in icy blue scales. (AC +3)
Your flesh is heat resistant. (rF+)
You regenerate a lot of health from kills.
You sometimes gain power by taking damage.
You are immune to clouds of flame.
You do not regenerate when monsters are visible.
You are sometimes teleported next to monsters.
You are very weak. (Str -4)
Your spells are a little harder to cast, but a little more powerful.
You expend magic power (3 MP) to strengthen your wands.


Message History

You feel strangely unstable.
You block the dire flail of holy wrath's attack.
The mace of protection misses you.
You block the trident of protection's attack.
Unknown command.
The flail of protection is engulfed in blazing flames.
You block the dire flail of holy wrath's attack.
You block the hand axe of holy wrath's attack.
Your surroundings suddenly seem different.
You hear a shout!
You block the trident of venom's attack.
A war axe of flaming comes into view.
You block the trident of venom's attack.
You block the trident of venom's attack.
The trident of venom hits you but does no damage.
The deep elf blademaster shouts!
You hear a shout!
You block the trident of venom's attack.
The deep elf mage gestures at you while chanting.
The bolt of lightning misses you. The bolt of lightning hits you!
You die...

#........###+.+#.................
###......## ##+..............(...
###.....# ...................
###...## ....e..............
###..# .................. ####
.(....... #...... ##(§§# ##.@.#
#.§§## ##...# ##...# #...e.
........ ......... .........
##........


You could see a deep elf blademaster, a deep elf mage and 2 dancing weapons.

Vanquished Creatures
  Saint Roka (Snake:2)
  Rupert (Orc:2)
  5 acid blobs
  Donald (Swamp:1)
  Kirke (D:12)
  13 nagarajas
  3 azure jellies
  A deep elf sorcerer (Elf:2)
  A very ugly thing (D:12)
  2 deep elf demonologists
  Snorg (Lair:4)
  A deep elf death mage (Orc:2)
  23 hydras
  15 naga warriors
  A catoblepas (Lair:6)
  Harold (Orc:1)
  5 two-headed ogres
  6 anacondas
  A deep troll shaman (Lair:6)
  18 alligators
  8 death yaks (Lair:6)
  7 dancing weapons (Elf:2)
  6 naga sharpshooters
  6 shock serpents
  Urug (Orc:1)
  Nergalle (D:11)
  10 deep elf knights
  The ghost of zeli25 the Cleaver, a novice MiBe of Trog (D:7)
  5 salamander mystics
  A spriggan druid (Swamp:2)
  2 wizards (D:12)
  2 sea snakes (Snake:1)
  An unseen horror (D:11)
  9 swamp dragons
  Pikel (D:5)
  13 deep elf archers
  7 naga ritualists
  3 orc knights
  3 shambling mangroves (Swamp:3)
  2 shining eyes (Slime:1)
  11 mana vipers
  43 deep elf magi
  9 ugly things
  An orc sorcerer (Orc:2)
  2 cyclopes
  10 salamanders
  7 elephants
  20 naga magi
  6 guardian serpents
  31 black mambas
  9 spiny frogs
  8 komodo dragons
  3 rime drakes
  A queen bee (shapeshifter) (Elf:1)
  A troll (Orc:2)
  7 tyrant leeches
  7 polar bears
  5 hornets
  6 hippogriffs
  11 blink frogs
  Grinder (D:5)
  14 bog bodies
  2 dream sheep (D:9)
  A tarantella (shapeshifter) (Elf:2)
  23 slime creatures
  8 redbacks (Elf:1)
  3 water elementals
  A shadow (D:12)
  2 spriggans
  2 fire elementals
  29 yaks
  2 wyverns
  A yak (shapeshifter) (Elf:1)
  6 basilisks
  3 hogs (D:12)
  Eustachio (D:5)
  13 vampire mosquitoes
  Menkaure (D:5)
  4 wargs
  56 nagas
  19 swamp worms
  6 porcupines
  7 water moccasins
  10 swamp drakes
  33 orc warriors
  6 ice beasts
  2 sky beasts
  2 eyes of draining (Slime:1)
  A necrophage (D:5)
  2 phantoms
  33 wolves
  13 centaurs
  9 ogres
  3 crocodiles
  5 big kobolds
  11 bullfrogs
  2 earth elementals (Elf:1)
  A scorpion (D:8)
  6 wights
  6 howler monkeys
  5 electric eels
  4 crimson imps
  5 jellies
  3 centaur skeletons
  3 hounds
  14 orc priests
  18 orc wizards
  3 bullfrog skeletons
  2 iguanas
  Ijyb (D:5)
  3 worker ants
  A killer bee zombie (D:9)
  Terence (D:2)
  A howler monkey zombie (D:11)
  3 gnolls (Orc:1)
  17 adders
  4 shadow imps
  2 white imps (Lair:2)
  2 adder zombies
  3 adder skeletons
  A worm (D:2)
  2 dart slugs (D:3)
  2 leopard geckos (D:9)
  103 orcs
  4 ball pythons
  3 bats
  5 giant cockroaches
  2 gnoll zombies (D:7)
  4 goblins
  6 hobgoblins
  5 jackals
  11 kobolds
  3 quokkas
  2 frilled lizards (D:1)
  A quokka skeleton (D:6)
  4 rats
991 creatures vanquished.

Vanquished Creatures (others)
  Nessos (Orc:2)
  A dancing weapon (Elf:2)
  5 naga sharpshooters
  A deep elf knight (Elf:1)
  An orc knight (Orc:2)
  A naga mage (Snake:2)
  2 nagas
  2 orc warriors (Orc:2)
  4 centaurs (Orc:2)
  A hound (D:5)
  An orc wizard (Orc:2)
  A leopard gecko (D:5)
  6 orcs
  A giant cockroach (D:5)
  A bush (Lair:3)
  2 fungi
  5 plants
36 creatures vanquished.

Grand Total: 1027 creatures vanquished

Notes
Turn   | Place    | Note
-------+----------+-------------------------------------------
     0 | D:1      | mrdizzer the Demonspawn Gladiator began the quest for the Orb.
     0 | D:1      | Reached XP level 1. HP: 16/16 MP: 1/1
   179 | D:1      | Gained mutation: You have sharp toenails. [demonic ancestry]
   179 | D:1      | Reached XP level 2. HP: 19/22 MP: 2/2
   784 | D:2      | Gained mutation: You sometimes gain a little power by taking damage. [demonic ancestry]
   784 | D:2      | Reached XP level 3. HP: 19/27 MP: 3/3
  1103 | D:2      | Noticed Terence
  1110 | D:2      | Killed Terence
  1339 | D:2      | Gained mutation: You are partially covered in icy blue scales. (AC +2) [demonic ancestry]
  1339 | D:2      | Reached XP level 4. HP: 34/34 MP: 4/4
  1613 | D:2      | Reached skill level 1 in Armour
  1858 | D:3      | Found a deep blue altar of Sif Muna.
  2162 | D:4      | Found an opulent altar of Gozag.
  2162 | D:4      | Found a white marble altar of Elyvilon.
  2162 | D:4      | Found a radiant altar of Vehumet.
  2211 | D:3      | Reached skill level 1 in Polearms
  2610 | D:5      | Entered Level 5 of the Dungeon
  2610 | D:5      | Noticed a phantom
  2632 | D:4      | Reached XP level 5. HP: 39/39 MP: 5/5
  2661 | D:4      | Found a staircase to the Ecumenical Temple.
  2828 | Temple   | Entered the Ecumenical Temple
  2969 | Temple   | Became a worshipper of Qazlal Stormbringer
  2994 | D:5      | Noticed a sky beast
  3001 | D:4      | Killed a sky beast
  3270 | D:4      | Gained mutation: You are mostly covered in icy blue scales. (AC +3) [demonic ancestry]
  3270 | D:4      | Reached XP level 6. HP: 46/46 MP: 6/6
  3372 | D:4      | Found Umulatat's General Store.
  3375 | D:4      | Bought a +0 large shield for 58 gold pieces
  3375 | D:4      | Bought a scroll of enchant weapon for 97 gold pieces
  3773 | D:5      | Reached skill level 1 in Invocations
  3800 | D:5      | Reached skill level 2 in Invocations
  3802 | D:5      | Found a hazy altar of Hepliaklqana.
  3811 | D:5      | Noticed Pikel
  3811 | D:5      | Noticed a slave
  3812 | D:5      | Noticed a slave
  3812 | D:5      | Noticed a slave
  3815 | D:5      | Noticed a slave
  3820 | D:5      | Killed Pikel
  3820 | D:5      | Reached skill level 3 in Invocations
  3820 | D:5      | Reached XP level 7. HP: 45/52 MP: 7/9
  3879 | D:5      | Noticed Eustachio
  3896 | D:5      | Killed Eustachio
  3896 | D:5      | Reached skill level 5 in Polearms
  3896 | D:5      | Reached skill level 1 in Shields
  3896 | D:5      | Gained mutation: You regenerate a little health from kills. [demonic ancestry]
  3896 | D:5      | Reached XP level 8. HP: 59/59 MP: 10/10
  3909 | D:5      | Noticed Menkaure
  3918 | D:5      | Killed Menkaure
  3918 | D:5      | Reached skill level 4 in Invocations
  4109 | D:5      | Noticed Grinder
  4123 | D:5      | Killed Grinder
  4182 | D:5      | Found an iron altar of Okawaru.
  4310 | D:5      | Noticed Ijyb
  4313 | D:5      | Killed Ijyb
  4833 | D:6      | Reached skill level 5 in Invocations
  5356 | D:6      | Reached * piety under Qazlal
  5504 | D:7      | Noticed zeli25's ghost (novice MiBe)
  5555 | D:7      | Killed zeli25's ghost
  5555 | D:7      | Reached skill level 6 in Invocations
  5555 | D:7      | Reached XP level 9. HP: 21/66 MP: 6/13
  5882 | D:7      | Found a basalt altar of Yredelemnul.
  6602 | D:8      | Reached skill level 7 in Invocations
  6702 | D:8      | Got a crude turquoise ring
  6712 | D:8      | Reached ** piety under Qazlal
  6754 | D:8      | Found a glowing silver altar of Zin.
  6785 | D:8      | Reached skill level 5 in Fighting
  6820 | D:8      | Reached skill level 5 in Armour
  7224 | D:9      | Reached XP level 10. HP: 74/74 MP: 15/15
  7392 | D:9      | Reached skill level 8 in Invocations
  7431 | D:9      | Noticed a two-headed hydra
  7440 | D:9      | Killed a two-headed hydra
  7727 | D:9      | Noticed a two-headed ogre
  7734 | D:9      | Killed a two-headed ogre
  7734 | D:9      | Reached *** piety under Qazlal
  7734 | D:9      | Reached skill level 5 in Shields
  7734 | D:9      | Reached skill level 9 in Invocations
  8051 | D:10     | Entered Level 10 of the Dungeon
  8255 | D:9      | Identified the ring of Loub {Str+3 Int+3 Dex-2 Slay+6} (You found it on level 8 of the Dungeon)
  8260 | D:9      | Gained mutation: Your spells are a little harder to cast, but a little more powerful. [potion of mutation]
  8260 | D:9      | Gained mutation: You are robust. (+10% HP) [potion of mutation]
  8260 | D:9      | Gained mutation: You are weak. (Str -2) [potion of mutation]
  8260 | D:9      | Gained mutation: You possess an exceptional clarity of mind. [potion of mutation]
  8294 | D:10     | Found a staircase to the Lair.
  8313 | D:10     | Found Xeippat's Assorted Antiques.
  8325 | D:10     | Bought a scroll of identify for 50 gold pieces
  8347 | D:10     | Found an iron altar of Okawaru.
  8347 | D:10     | Found Imoacuf's Gadget Shoppe.
  8392 | D:10     | Reached XP level 11. HP: 18/89 MP: 12/17
  8691 | D:10     | Found Xigezov's Armour Shop.
  8704 | D:10     | Bought the +0 pair of boots of Dodeted {rElec Str+4 Int+3 Stlth-} for 381 gold pieces
  8741 | D:11     | Noticed a two-headed ogre
  9069 | D:10     | Found Jolaf's Weapon Boutique.
  9300 | D:11     | Killed an unseen horror
  9541 | D:11     | Noticed a two-headed ogre
  9552 | D:11     | Killed a two-headed ogre
  9552 | D:11     | Reached skill level 10 in Polearms
  9592 | D:12     | Noticed a cyan ugly thing
  9592 | D:12     | Noticed a two-headed ogre
  9599 | D:12     | Killed a cyan ugly thing
  9604 | D:12     | Killed a two-headed ogre
  9604 | D:12     | Reached skill level 10 in Invocations
  9688 | D:11     | Noticed Nergalle
  9694 | D:11     | Killed Nergalle
  9696 | D:11     | Found a sparkling altar of Nemelex Xobeh.
  9708 | D:11     | Reached **** piety under Qazlal
  9776 | D:11     | Noticed a brown ugly thing
  9781 | D:11     | Killed a brown ugly thing
 10246 | D:12     | Found a roughly hewn altar of Beogh.
 10251 | D:12     | Found a staircase to the Orcish Mines.
 10262 | D:12     | Reached ***** piety under Qazlal
 10277 | D:12     | Noticed a brown ugly thing
 10277 | D:12     | Noticed a cyan ugly thing
 10277 | D:12     | Noticed a purple ugly thing
 10277 | D:12     | Noticed a red ugly thing
 10280 | D:12     | Noticed a red ugly thing
 10283 | D:12     | Killed a cyan ugly thing
 10283 | D:12     | Noticed a green ugly thing
 10289 | D:12     | Killed a cyan ugly thing
 10294 | D:12     | Killed a red ugly thing
 10294 | D:12     | Gained mutation: You have razor-sharp toenails. [demonic ancestry]
 10294 | D:12     | Reached XP level 12. HP: 86/100 MP: 16/20
 10306 | D:12     | Reached skill level 11 in Invocations
 10348 | D:12     | Noticed a cyan very ugly thing
 10368 | D:12     | Killed a cyan very ugly thing
 10520 | D:12     | Noticed a two-headed ogre
 10530 | D:12     | Killed a two-headed ogre
 10705 | D:12     | Noticed Kirke
 10719 | D:12     | Killed Kirke
 10933 | Lair:1   | Entered Level 1 of the Lair of Beasts
 10964 | Lair:1   | Lost mutation: You are weak. (Str -2) [potion of mutation]
 10964 | Lair:1   | Lost mutation: You possess an exceptional clarity of mind. [potion of mutation]
 10964 | Lair:1   | Gained mutation: You expend magic power (3 MP) to strengthen your wands. [potion of mutation]
 10964 | Lair:1   | Gained mutation: You are occasionally teleported next to monsters. [potion of mutation]
 10964 | Lair:1   | Gained mutation: You possess an exceptional clarity of mind. [potion of mutation]
 10968 | Lair:1   | Noticed a six-headed hydra
 10973 | Lair:1   | Killed a six-headed hydra
 11057 | Lair:1   | Reached skill level 12 in Invocations
 11857 | Lair:2   | Noticed a four-headed hydra
 11859 | Lair:2   | Gained mutation: You regenerate health from kills. [demonic ancestry]
 11859 | Lair:2   | Reached XP level 13. HP: 107/107 MP: 22/22
 13723 | Lair:4   | Reached ****** piety under Qazlal
 13728 | Lair:4   | Found a staircase to the Snake Pit.
 13866 | Lair:4   | Noticed Snorg
 13882 | Lair:4   | Killed Snorg
 13987 | Lair:4   | Found a staircase to the Swamp.
 14099 | Lair:4   | Reached skill level 13 in Invocations
 14386 | Lair:4   | You fall through a shaft for 2 floors!
 14386 | Lair:6   | Entered Level 6 of the Lair of Beasts
 14561 | Lair:6   | Gained mutation: You regenerate a lot of health from kills. [demonic ancestry]
 14561 | Lair:6   | Reached XP level 14. HP: 107/118 MP: 21/24
 14880 | Lair:6   | Found a staircase to the Slime Pits.
 15240 | Lair:6   | Reached skill level 10 in Shields
 15356 | Lair:6   | Got an encrusted long sword
 15357 | Lair:6   | Identified the +10 long sword "Docatre" {elec, rPois Str+3 Dex+2} (You found it on level 6 of the Lair of Beasts)
 15432 | Slime:1  | Entered Level 1 of the Pits of Slime
 15433 | Slime:1  | Noticed an azure jelly
 15433 | Slime:1  | Noticed an azure jelly
 15442 | Slime:1  | Noticed an azure jelly
 15442 | Slime:1  | Killed an azure jelly
 15444 | Slime:1  | Gained mutation: You are clumsy. (Dex -2) [a shining eye]
 15445 | Slime:1  | Noticed an acid blob
 15450 | Lair:6   | Killed an azure jelly
 15450 | Lair:6   | Reached skill level 1 in Long Blades
 15450 | Lair:6   | Reached skill level 14 in Invocations
 16098 | Lair:5   | Found a basalt altar of Yredelemnul.
 16569 | Swamp:1  | Entered Level 1 of the Swamp
 17007 | Swamp:1  | You fall through a shaft!
 17008 | Swamp:2  | Noticed Donald
 17324 | Swamp:1  | Killed Donald
 17341 | Swamp:1  | Identified a scroll of acquirement
 17674 | Swamp:2  | Reached skill level 5 in Long Blades
 17753 | Swamp:2  | Gained mutation: Your flesh is heat resistant. (rF+) [demonic ancestry]
 17753 | Swamp:2  | Reached XP level 15. HP: 126/126 MP: 21/25
 18361 | Lair:1   | Got a transparent rapier
 19317 | Swamp:3  | Got an ancient dagger
 19325 | Swamp:3  | Identified the +6 dagger of Springtime {holy, rPois MR+ Dex+3 Stlth+} (You found it on level 3 of the Swamp)
 19644 | Swamp:4  | Entered Level 4 of the Swamp
 19733 | Swamp:3  | Found a shimmering altar of Xom.
 20834 | Swamp:3  | Reached skill level 15 in Invocations
 20897 | Swamp:3  | Reached skill level 10 in Fighting
 21574 | Swamp:4  | Got a decaying rune of Zot
 21919 | D:10     | Bought a scroll of blinking for 187 gold pieces
 22377 | Snake:1  | Entered Level 1 of the Snake Pit
 22469 | Snake:1  | Noticed a nagaraja
 22484 | Snake:1  | Killed a nagaraja
 22487 | Snake:1  | Found Pick's Magic Scroll Shoppe.
 22508 | Snake:1  | Bought a scroll of blinking for 135 gold pieces
 22508 | Snake:1  | Bought a scroll of teleportation for 54 gold pieces
 22523 | Snake:2  | Noticed a nagaraja
 22570 | Snake:1  | Gained mutation: You have claws for feet. [demonic ancestry]
 22570 | Snake:1  | Reached XP level 16. HP: 129/134 MP: 21/27
 23316 | Snake:2  | Found Toyczigyxyu's Assorted Antiques.
 23343 | Snake:2  | Reached skill level 10 in Armour
 23343 | Snake:2  | Reached skill level 16 in Invocations
 23355 | Snake:2  | Bought a twisted halberd for 405 gold pieces
 23355 | Snake:2  | Bought a scroll labeled FOVVOL ADOXAXO for 45 gold pieces
 23355 | Snake:2  | Bought a scroll of enchant armour for 337 gold pieces
 23355 | Snake:2  | Bought a scroll of enchant armour for 337 gold pieces
 23361 | Snake:2  | Identified the +4 halberd of Integrity {chop, +Blink rC- Dex+3} (You bought it in a shop on level 2 of the Snake Pit)
 23719 | Snake:3  | Noticed Saint Roka
 23721 | Snake:3  | Found Suwuklad's Superlative Supplies.
 24034 | Snake:2  | Killed Saint Roka
 24034 | Snake:2  | Reached skill level 10 in Long Blades
 24399 | Snake:3  | Bought a scarf of repulsion for 240 gold pieces
 24414 | Snake:3  | Lost mutation: You possess an exceptional clarity of mind. [potion of mutation]
 24414 | Snake:3  | Lost mutation: You are robust. (+10% HP) [potion of mutation]
 24414 | Snake:3  | Lost mutation: You are clumsy. (Dex -2) [potion of mutation]
 24414 | Snake:3  | Gained mutation: You are weak. (Str -2) [potion of mutation]
 24414 | Snake:3  | Gained mutation: Your mind is acute. (Int +2) [potion of mutation]
 24482 | Snake:3  | Found a transporter.
 24493 | Snake:3  | Found a deep blue altar of Sif Muna.
 24698 | Snake:3  | Gained mutation: You sometimes gain power by taking damage. [demonic ancestry]
 24698 | Snake:3  | Reached XP level 17. HP: 129/129 MP: 23/29
 24765 | Snake:3  | Found a transporter.
 24816 | Snake:4  | Entered Level 4 of the Snake Pit
 25229 | Snake:4  | Reached skill level 17 in Invocations
 25369 | Snake:4  | Got a serpentine rune of Zot
 25533 | Slime:1  | Gained mutation: You are very weak. (Str -4) [a shining eye]
 25540 | Slime:1  | Gained mutation: You do not regenerate when monsters are visible. [a shining eye]
 25542 | Slime:1  | Lost mutation: Your mind is acute. (Int +2) [a shining eye]
 25543 | Slime:1  | Killed an acid blob
 25545 | Slime:1  | Gained mutation: You are sometimes teleported next to monsters. [a shining eye]
 25610 | Slime:1  | Noticed an acid blob
 25618 | Slime:1  | Killed an acid blob
 25634 | Slime:1  | Noticed an acid blob
 25945 | Slime:1  | Killed an acid blob
 26038 | Slime:2  | Noticed an acid blob
 26038 | Slime:2  | Noticed an acid blob
 26042 | Slime:2  | Killed an acid blob
 26044 | Slime:2  | Noticed an acid blob
 26046 | Slime:2  | Noticed an acid blob
 26048 | Slime:2  | Noticed an acid blob
 26052 | Slime:1  | Killed an acid blob
 26366 | Orc:1    | Entered Level 1 of the Orcish Mines
 26366 | Orc:1    | Noticed Urug
 26368 | Orc:1    | Noticed Harold
 26382 | Orc:1    | Killed Urug
 26388 | Orc:1    | Killed Harold
 26775 | Orc:2    | Entered Level 2 of the Orcish Mines
 26882 | Orc:2    | Noticed Rupert
 26885 | Orc:2    | Paralysed by Rupert for 5 turns
 26900 | Orc:2    | Gained mutation: You are immune to clouds of flame. [demonic ancestry]
 26900 | Orc:2    | Reached XP level 18. HP: 21/138 MP: 10/30
 26909 | Orc:2    | Noticed Nessos
 26925 | Orc:2    | Found a staircase to the Elven Halls.
 26934 | Elf:1    | Entered Level 1 of the Elven Halls
 26939 | Orc:2    | Killed Nessos
 30801 | Orc:2    | Killed Rupert
 31189 | Orc:2    | Found Nyom's Antique Weapon Shop.
 31189 | Orc:2    | Found Geun Ci Voo's Armour Shoppe.
 31191 | Orc:2    | Found Jebou's Weapon Emporium.
 31193 | Orc:2    | Found Baefyb Yluurr's Jewellery Boutique.
 31198 | Orc:2    | Bought the cursed -2 helmet of Sovereignty {rF+ rC- Regen+ SInv} for 35 gold pieces
 32463 | Elf:1    | Found Litas's Weapon Shop.
 32737 | Elf:2    | Noticed an Ice Fiend
 32776 | Elf:2    | Reached skill level 18 in Invocations
 32905 | Elf:2    | Found Meriteyd's Jewellery Shop.
 33160 | Elf:2    | Found a runed gate.
 33160 | Elf:2    | Found a runed gate.
 33161 | Elf:2    | Found a runed gate.
 33235 | Elf:2    | Killed from afar by a deep elf mage

Vault maps used:
D:1:      dpeg_arrival_refuge
D:2:      uniq_terence
D:3:      nicolae_overflow_hidden_temple, hangedman_glass_teeth
D:4:      minmay_door_path, grunt_temple_overflow_open,
          minmay_temple_entry_statues_pillars, first_ration, serial_shops,
          nicolae_shop_window_shopping, serial_bayou_pond_d
D:5:      lemuel_crystal_altar, okawaru_metal_pillars_3, uniq_eustachio,
          uniq_pikel, uniq_grinder, uniq_menkaure, uniq_ijyb
D:7:      lemuel_zombie_altar_yredelemnul
D:8:      basic_altar
D:9:      hangedman_ranch
D:10:     lair_entry_dummy, basic_altar, serial_shops, shop_coins, shop,
          kennysheep_mini, nicolae_shop_crystal
D:11:     nemelex_altar_shiori, uniq_nergalle
D:12:     cheibrodos_breeding_chamber, david_orc_5, uniq_kirke
D:13:     serial_shops, nicolae_shop_stone
Temple:   regret_index_temple_waves
Lair:2:   ice2_lemuel, serial_bayou_shore_a
Lair:3:   beast_lair_carwin_6, grunt_megastairs_2
Lair:4:   nicolae_swamp_entry_splash_gauntlet,
          minmay_snake_entry_guardpost_medium, uniq_snorg
Lair:5:   basic_altar
Lair:6:   grunt_lair_end_beastmaster, minmay_slime_entry_pillars,
          grunt_megastairs_1
Swamp:1:  evilmike_swamp_ruin_house_5, swamp_pool1
Swamp:2:  nicolae_swamp_triple_paths, swamp_pool2, infiniplex_staircase_pool,
          uniq_donald
Swamp:3:  nicolae_swamp_godswood, swamp_pool4
Swamp:4:  swamp_alternative
Snake:1:  serial_shops, shop_fountains, serial_bayou_ford_a
Snake:2:  serial_shops, shop, lemuel_fruit_tree
Snake:3:  gammafunk_sealed_library, nicolae_alphabet_shops, serial_bayou_pond_e,
          uniq_saint_roka
Snake:4:  minmay_snake_end_coiled
Slime:2:  nicolae_slime_round_cave
Orc:1:    uniq_harold, uniq_urug
Orc:2:    st_orc_rangers, uniq_nessos, uniq_rupert
Elf:1:    eino_elf_arrival_shootout, serial_shops, nicolae_shop_behind_doors,
          minmay_elf_crystal_hexagon, spider_trap, grunt_megastairs_3
Elf:2:    serial_shops, shop, shop, nicolae_shop_window_shopping,
          nicolae_shop_trees, portal_desolation_entry_holy_temple,
          infiniplex_enter_wizlab_spiral

Skill      XL: |  1  2  3  4  5  6  7  8  9 10 11 12 13 14 15 16 17 18 |
---------------+-------------------------------------------------------+-----
Axes           | 3 |  3.7
Dodging        | 3 4 |  4.6
Armour         | 1 2 3 4 5 6 7 8 9 10 11 | 11.5
Polearms       | 1 2 4 5 7 8 9 10 12 13 | 13.6
Invocations    | 3 6 7 9 10 12 13 14 15 16 17 18 | 18.1
Fighting       | 3 4 5 6 7 8 9 10 11 | 11.6
Shields        | 1 2 3 5 6 8 9 10 11 12 13 14 | 14.5
Long Blades    | 5 8 10 12 13 | 13.4
Throwing       | |  1.9
Stealth        | |  0.6
Evocations     | |  0.1

Action                   |  1- 3 |  4- 6 |  7- 9 | 10-12 | 13-15 | 16-18 || total
-------------------------+-------+-------+-------+-------+-------+-------++-------
Melee: War axe           |    68 |       |       |       |       |       ||    68
       Kick              |    15 |     3 |    54 |    42 |       |   392 ||   506
       Trident           |     4 |   107 |   260 |   401 |       |       ||   772
       Demon trident     |       |       |       |   128 |   457 |       ||   585
       Long sword        |       |       |       |       |   452 |   902 ||  1354
Invok: Upheaval          |       |       |       |     1 |     1 |       ||     2
       Disaster Area     |       |       |       |       |     4 |    11 ||    15
Evoke: Fan of gales      |       |       |       |       |     1 |       ||     1
  Use: Scroll            |       |    10 |     5 |    11 |    21 |    16 ||    63
       Potion            |       |       |     2 |     3 |     4 |     3 ||    12
 Stab: Distracted        |       |       |     1 |       |       |       ||     1
  Eat: Chunk             |     1 |     5 |     7 |     9 |    22 |    10 ||    54
       Ration            |       |     1 |     1 |     2 |     4 |     7 ||    15
Armor: Leather armour    |    22 |       |       |       |       |       ||    22
       Scale mail        |       |    21 |    53 |    92 |   289 |       ||   455
       Ring mail         |       |    17 |    12 |       |       |       ||    29
       Crystal plate arm |       |       |       |       |   414 |   448 ||   862
       Swamp dragon scal |       |       |       |       |    85 |       ||    85
Dodge: Dodged            |    50 |    47 |    30 |    55 |   342 |   175 ||   699
       Deflected         |       |       |       |     3 |    10 |    58 ||    71
Block: Large shield      |       |    12 |   124 |   309 |   658 |       ||  1103
       Shield            |       |       |       |       |   740 |  1177 ||  1917
       Reflection        |       |       |       |       |    16 |   211 ||   227
       Rpst.: Long sword |       |       |       |       |    30 |    34 ||    64

Table legend:
 A = Spawn XP
 B = Non-spawn XP
 C = Spawn XP percentage of total XP
 D = Spawn monster count
 E = Non-spawn monster count
 F = Spawn count percentage of total count
 G = Total turns spent on level
                    A         B        C        D         E        F      G
               +---------+---------+-------+---------+---------+-------+---------
         Total |       0 |  351461 |   0.0 |       0 |    1010 |   0.0 | 33235
               +---------+---------+-------+---------+---------+-------+---------
           D:1 |       0 |      27 |   0.0 |       0 |      16 |   0.0 |   736
           D:2 |       0 |      89 |   0.0 |       0 |      13 |   0.0 |  1056
           D:3 |       0 |      78 |   0.0 |       0 |      20 |   0.0 |   735
           D:4 |       0 |     229 |   0.0 |       0 |      11 |   0.0 |  1106
           D:5 |       0 |    1607 |   0.0 |       0 |       9 |   0.0 |   904
           D:6 |       0 |     641 |   0.0 |       0 |      14 |   0.0 |   847
           D:7 |       0 |    1426 |   0.0 |       0 |      18 |   0.0 |  1002
           D:8 |       0 |    1396 |   0.0 |       0 |      28 |   0.0 |   872
           D:9 |       0 |    5254 |   0.0 |       0 |      47 |   0.0 |  1130
          D:10 |       0 |     381 |   0.0 |       0 |       6 |   0.0 |  1061
          D:11 |       0 |    4709 |   0.0 |       0 |      29 |   0.0 |   825
          D:12 |       0 |   15842 |   0.0 |       0 |      73 |   0.0 |   963
        Lair:1 |       0 |    4773 |   0.0 |       0 |      23 |   0.0 |  1085
        Lair:2 |       0 |    6500 |   0.0 |       0 |      32 |   0.0 |   863
        Lair:3 |       0 |    4513 |   0.0 |       0 |      19 |   0.0 |  1177
        Lair:4 |       0 |    7910 |   0.0 |       0 |      21 |   0.0 |   895
        Lair:5 |       0 |    4221 |   0.0 |       0 |      18 |   0.0 |   761
        Lair:6 |       0 |   23851 |   0.0 |       0 |      56 |   0.0 |  1713
       Swamp:1 |       0 |   12031 |   0.0 |       0 |      22 |   0.0 |  1282
       Swamp:2 |       0 |    9722 |   0.0 |       0 |      33 |   0.0 |  1423
       Swamp:3 |       0 |   21941 |   0.0 |       0 |      44 |   0.0 |  1696
       Swamp:4 |       0 |   11909 |   0.0 |       0 |      22 |   0.0 |   607
       Snake:1 |       0 |   16064 |   0.0 |       0 |      27 |   0.0 |   789
       Snake:2 |       0 |   33159 |   0.0 |       0 |      51 |   0.0 |  1160
       Snake:3 |       0 |   26243 |   0.0 |       0 |      46 |   0.0 |   528
       Snake:4 |       0 |   44195 |   0.0 |       0 |      83 |   0.0 |   625
       Slime:1 |       0 |   17366 |   0.0 |       0 |      19 |   0.0 |   369
       Slime:2 |       0 |    3712 |   0.0 |       0 |       6 |   0.0 |    14
         Orc:1 |       0 |    3625 |   0.0 |       0 |      35 |   0.0 |  4194
         Orc:2 |       0 |   15026 |   0.0 |       0 |      75 |   0.0 |  1064
         Elf:1 |       0 |   27895 |   0.0 |       0 |      55 |   0.0 |  1093
         Elf:2 |       0 |   25126 |   0.0 |       0 |      39 |   0.0 |   499
               +---------+---------+-------+---------+---------+-------+---------
